 Dungeon Crawl Stone Soup version 0.30-a0-737-gf23d94013f (webtiles) character file.

Game seed: 8323946120983968144

476 themarg the Firebug (level 6, -5/47 HPs)
             Began as a Mummy Cinder Acolyte on Feb 1, 2023.
             Was a High Priest of Ignis.
             Slain by an orc
             ... wielding a +2 dagger of electrocution
              (16 damage)
             ... on level 4 of the Dungeon on Feb 2, 2023.
             The game lasted 00:16:23 (5924 turns).

themarg the Firebug (Mummy Cinder Acolyte)          Turns: 5924, Time: 00:16:23

Health: -5/47      AC:  5    Str: 17    XL:     6   Next: 85%
Magic:  3/9        EV: 11    Int: 22    God:    Ignis [*****.]
Gold:   202        SH:  0    Dex:  7    Spells: 8/10 levels left

rFire   . . .      SeeInvis .    a - -1 short sword (flame)
rCold   + . .      Faith    +    (no shield)
rNeg    + + +      Spirit   .    b - +0 robe
rPois   ∞          Reflect  .    (no helmet)
rElec   .          Harm     .    s - +0 cloak
rCorr   +          Rampage  .    n - +0 pair of gloves
Will    .....                    t - +0 pair of boots
Stlth   ++                       (no amulet)
HPRegen 0.27/turn                r - +6 ring of intelligence
MPRegen 0.11/turn                j - ring of resist corrosion

@: no status effects
A: cold resistance 1, negative energy resistance 3, torment resistance 2, heat
vulnerability 1, in touch with death 1, no potions, faith
a: Renounce Religion, Fiery Armour, Foxfire Swarm, Rising Flame


You were on level 4 of the Dungeon.
You worshipped Ignis.
Ignis was extremely pleased with you.
You visited 1 branch of the dungeon, and saw 5 of its levels.

You collected 202 gold pieces.

Inventory:

Hand Weapons
 a - a -1 short sword of flaming (weapon)
 u - a +1 morningstar of draining
Missiles
 d - 54 stones (quivered)
 x - a boomerang
Armour
 b - a +0 robe (worn)
 k - a +0 buckler
 n - a +0 pair of gloves (worn)
 s - a +0 cloak (worn)
 t - a +0 pair of boots (worn)
Magical Staves
 h - a staff of death
Jewellery
 j - a ring of resist corrosion (right hand)
 l - a ring of flight
 r - a +6 ring of intelligence (left hand)
Scrolls
 c - 2 scrolls of poison {unknown}
 e - 2 scrolls of enchant armour {unknown}
 f - 3 scrolls of identify {unknown}
 g - a scroll of teleportation {unknown}
 i - a scroll of immolation {unknown}
 m - 3 scrolls of noise {unknown}
 o - a scroll of enchant weapon {unknown}
 p - a scroll of vulnerability {unknown}
 q - a scroll of blinking {unknown}
 v - a scroll of magic mapping {unknown}
 w - a scroll of amnesia {unknown}


   Skills:
 - Level 3.0 Fighting
 - Level 2.4 Short Blades
 - Level 2.0 Stealth
 - Level 2.5 Spellcasting
 + Level 5.9 Fire Magic


You had 8 spell levels left.
You knew the following spells:

 Your Spells              Type           Power      Damage    Failure   Level
a - Scorch                Fire           58%        2d7       1%          2

Your spell library contained the following spells:

 Spells                   Type           Power      Damage    Failure   Level
 Summon Small Mammal      Summ           8%         N/A       13%         1
 Call Canine Familiar     Summ           2%         N/A       36%         3
 Summon Guardian Golem    Hex/Summ       2%         N/A       36%         3


Dungeon Overview and Level Annotations

Branches:
Dungeon (5/15)
 Temple: D:4-7

Altars:
Cheibriados
Sif Muna
Xom
Yredelemnul

Shops:
D:3 (

Annotations:
D:4 Blork the orc


Innate Abilities, Weirdness & Mutations

You are immune to poison.
Your flesh is cold resistant. (rC+)
You are immune to negative energy. (rN+++)
You are immune to unholy pain and torment.
You are vulnerable to heat. (rF-)
You are in touch with the powers of death.
You do not drink.
You have a special connection with the divine. (Faith)


Message History

The hound attacks as you move away! The hound bites you.
The hound attacks as you move away! The hound misses you.
The hound closely misses you.
There is a stone staircase leading up here.
Flames lash the hound.
The hound is severely wounded.
The hound's fire resistance burns away.
The hound closely misses you.
Flames lash the hound.
The hound is burned terribly!
You kill the hound!
You climb upwards.
Level annotation: Blork the orc
There is a stone staircase leading down here.
You start resting.
HP restored.
You start resting.
Magic restored.
You climb downwards.
The orc hits you with a +0 club.
The orc hits you with a +2 dagger of electrocution.
The orc hits you but does no damage. The orc closely misses you.
The white imp gestures at you. The puff of frost hits you. You resist.
There is a stone staircase leading up here.
The orc hits you but does no damage.
The orc hits you with a +2 dagger of electrocution.
You climb upwards.
Level annotation: Blork the orc
There is a stone staircase leading down here.
Flames lash the orc.
You kill the orc!
The orc barely misses you.
Flames lash the orc.
The orc is severely wounded.
The orc's fire resistance burns away.
The orc hits you with a +2 dagger of electrocution.
You are electrocuted!!
Flames lash the orc but do no damage.
The orc hits you with a +2 dagger of electrocution.
* * * LOW HITPOINT WARNING * * *
You are electrocuted!
You die...

###### #.#...# .....#
#.#...# .....#
##.#...#
.....##########......#
##..#.........'......#
##.#.#########......#
###.#.....# #......#
........#.#####)...###
..............'.@..#
.........######..o.#
.........# ##'###
.........# #.#
.........# #.#
.........#######.#
.....###.........# ###
.....# ####......#
#.### .....#
##.....######## #....


You could see an orc (combustible).

Vanquished Creatures
  An ogre (D:4)
  A centaur (D:3)
  A scorpion (D:4)
  2 hounds (D:5)
  Terence (D:2)
  Crazy Yiuf (D:3)
  5 adders
  4 dart slugs
  7 orcs
  3 ball pythons
  9 endoplasms
  2 giant cockroaches
  6 goblins
  5 hobgoblins
  7 jackals
  A quokka (D:1)
  12 bats
  3 frilled lizards
  13 kobolds
  3 rats
87 creatures vanquished.

Notes
Turn   | Place    | Note
-------+----------+-------------------------------------------
     0 | D:1      | themarg the Mummy Cinder Acolyte began the quest for the
                  | Orb.
     0 | D:1      | Reached XP level 1. HP: 18/18 MP: 2/2
   264 | D:1      | Reached XP level 2. HP: 15/24 MP: 4/4
   267 | D:1      | Learned a level 2 spell: Scorch
   435 | D:1      | Reached skill level 1 in Stealth
   809 | D:1      | Gained mutation: You are in touch with the powers of death.
                  | [Mummy growth]
   809 | D:1      | Reached XP level 3. HP: 29/29 MP: 3/6
  1142 | D:1      | Found a faded altar of an unknown god.
  1309 | D:2      | Reached skill level 3 in Fire Magic
  1833 | D:2      | Found a shimmering blue altar of Sif Muna.
  2025 | D:2      | Reached XP level 4. HP: 35/35 MP: 2/7
  2773 | D:2      | Noticed Terence
  2827 | D:2      | Killed Terence
  2994 | D:3      | Reached skill level 4 in Fire Magic
  3040 | D:3      | Found Jurghikk's Weapon Boutique.
  3376 | D:3      | Reached XP level 5. HP: 41/41 MP: 3/8
  3450 | D:3      | Found a runed translucent door.
  3451 | D:3      | Noticed Crazy Yiuf
  3851 | D:3      | Noticed a centaur
  3919 | D:3      | Killed a centaur
  4339 | D:3      | Killed Crazy Yiuf
  4340 | D:3      | Reached skill level 5 in Fire Magic
  4730 | D:4      | Found a basalt altar of Yredelemnul.
  4730 | D:4      | Found a snail-covered altar of Cheibriados.
  4731 | D:4      | Found a shimmering altar of Xom.
  4981 | D:4      | Reached XP level 6. HP: 43/47 MP: 0/9
  5330 | D:4      | Noticed Blork the orc
  5452 | D:5      | Entered Level 5 of the Dungeon
  5924 | D:4      | Slain by an orc

Illustrated notes

Levels and vault maps discovered:
D:1:      shiori_shiawase, layout_loops_ring,
          shapermc_ecumenical_altar_mp_highgroup, minmay_misc_feat_doors,
          nrook_loot_triangle, nicolae_concentric_dashed_squares_wild,
          minmay_heptomino_o4
D:2:      minmay_razor_zed, layout_basic, basic_altar, serial_glass,
          glass_columns_a, glass_columns_a, glass_columns_b, glass_columns_b,
          uniq_terence
D:3:      layout_loops_ring, serial_glass, glass_columns_a, glass_columns_a,
          glass_columns_a, glass_columns_a, glass_columns_a, glass_columns_a,
          serial_shops, shop, minmay_close_crescents, uniq_crazy_yiuf_cottage
D:4:      layout_basic, tgw_sif, mainiacjoe_overflow_six_doors_small,
          chequers_temple_overflow_statue_of_worship
D:5:      layout_gridville, uniq_eustachio

Skill      XL: |  1  2  3  4  5 |
---------------+----------------+-----
Spellcasting   | 2 |  2.5
Stealth        | 1 2 |  2.0
Fire Magic     | 3 4 5 |  5.9
Fighting       | |  3.0
Short Blades   | |  2.4

Action                     |  1- 3 |  4- 6 || total
---------------------------+-------+-------++-------
  Melee: Short sword       |    64 |    15 ||    79
  Throw: Stone             |       |     2 ||     2
   Cast: Scorch            |    32 |    71 ||   103
 Invoke: Fiery Armour      |     1 |     2 ||     3
 Armour: Robe              |    35 |    14 ||    49
  Dodge: Dodged            |    35 |    46 ||    81

Table legend: (Time is in decaauts)
 A = Elapsed time spent in this place.
 B = Non-inter-level travel time spent in this place.
 C = Inter-level travel time spent in this place.
 D = Time resting spent in this place.
 E = Time spent auto-exploring this place.
 F = Levels seen in this place.
 G = Mean time per level.
                   A        B        C        D        E       F      G
               +--------+--------+--------+--------+--------+-----+--------+
         Total |   5918 |   5676 |    242 |   1125 |   3659 |   5 | 1183.6 |
       Dungeon |   5918 |   5676 |    242 |   1125 |   3659 |   5 | 1183.6 |
               +--------+--------+--------+--------+--------+-----+--------+

Top non-repeatable levels by time:
     D:2: 1653 daAuts
     D:3: 1483 daAuts
     D:1: 1327 daAuts
     D:4: 1312 daAuts
     D:5: 141 daAuts
